 Dungeon Crawl Stone Soup version 0.31-a0-1202-ga8fea8b373 (webtiles) character file.

Game seed: 1260629056237537754

148 inmateoo the Trooper (level 5, -5/42 HPs)
             Began as a Mummy Fighter on Dec 12, 2023.
             Slain by an orc
             ... wielding a +0 flail
              (6 damage)
             ... on level 3 of the Dungeon.
             The game lasted 00:02:30 (2181 turns).

inmateoo the Trooper (Mummy Fighter)                Turns: 2181, Time: 00:02:30

Health: -5/42      AC: 13    Str: 20    XL:     5   Next: 8%
Magic:  5/5        EV:  5    Int:  7    God:
Gold:   182        SH:  4    Dex: 11    Spells: 4/4 levels left

rFire   x . .        e - +0 broad axe (vamp)
rCold   + + .        c - +0 buckler
rNeg    + + +        g - +0 plate armour
rPois   ∞            j - +0 hat
rElec   .            (no cloak)
rCorr   .            d - +1 pair of gloves "Elafon" {+Blink rC+ rN+ Str-2}
SInv    .            (no boots)
Will    .....        (no amulet) Stlth
                     (no ring)
HPRegen 0.27/turn    (no ring)
MPRegen 0.09/turn

%: faith
@: no status effects
A: cold resistance 1, negative energy resistance 3, torment resistance 2, heat
vulnerability 1, in touch with death 1, no potions, faith
a: Evoke Blink


You were on level 3 of the Dungeon.
You visited 1 branch of the dungeon, and saw 3 of its levels.

You collected 182 gold pieces.

Inventory:

Hand Weapons
 e - a +0 vampiric broad axe (weapon)
Armour
 c - a +0 buckler (worn)
 d - the +1 pair of gloves "Elafon" (worn) {+Blink rC+ rN+ Str-2}
   (You acquired it on level 1 of the Dungeon)

   Str-2:     It affects your strength (-2).
   rC+:       It protects you from cold.
   rN+:       It protects you from negative energy.
   +Blink:    It lets you blink.
 g - a +0 plate armour (worn)
 j - a +0 hat (worn)
Scrolls
 a - a scroll of identify {unknown}
 b - a scroll of brand weapon {unknown}


   Skills:
 + Level 4.0 Fighting
 - Level 1.9 Long Blades
 * Level 2.8 Axes
 - Level 2.5 Armour
 - Level 0.2 Dodging
 - Level 2.5 Shields


You had 4 spell levels left.
You didn't know any spells.
Your spell library was empty.

Dungeon Overview and Level Annotations

Branches:
Dungeon (3/15)

Altars:


Innate Abilities, Weirdness & Mutations

You are immune to poison.
Your flesh is cold resistant. (rC+)
You are immune to negative energy. (rN+++)
You are immune to unholy pain and torment.
You are vulnerable to heat. (rF-)
You are in touch with the powers of death.
You do not drink.
You have a special connection with the divine. (Faith)


Message History

The phantom hits you but does no damage.
You block the orc's attack. The orc hits you with a +0 flail.
* * * LOW HITPOINT WARNING * * *
The phantom hits you but does no damage.
You completely miss the orc.
The orc is moderately wounded.
You barely miss the phantom.
The phantom hits you but does no damage.
You block the orc's attack.
You hit the phantom but do no damage.
The phantom is almost destroyed.
You closely miss the orc. The phantom closely misses you.
The orc hits you with a +0 flail.
* * * LOW HITPOINT WARNING * * *
You block the phantom's attack. You block the orc's attack.
You slash the phantom!
You destroy the phantom!
You barely miss the orc. The orc hits you but does no damage.
Your Fighting skill increases to level 4!
You have reached level 5!
You feel stronger.
You completely miss the orc.
The orc is lightly wounded.
The orc hits you but does no damage. The orc barely misses you.
You barely miss the orc.
The orc is lightly wounded.
The orc hits you but does no damage.
You barely miss the orc.
The orc is lightly wounded.
The orc hits you with a +0 flail.
* * * LOW HITPOINT WARNING * * *
The orc hits you but does no damage.
You can't drink.
You hit the orc but do no damage.
The orc is lightly wounded.
The orc barely misses you.
You closely miss the orc.
The orc is lightly wounded.
The orc hits you with a +0 flail.
You die...

#.# #.# # #.# # #.# ##+##
# #.# ##...## # #.#
##.....## # ##.##
##.......##
########...####.......$.#
..............'.@o......+
########...####).....)..#
# ##.## ##.)..?..## # #.#
##.....## # #.# ##...## #
#.# ##+## # #.. # #.


You could see an orc.

Vanquished Creatures
  A phantom (D:3)
  2 adders
  3 worms (D:2)
  4 orcs (D:3)
  2 ball pythons (D:3)
  5 bats
  4 endoplasms
  2 giant cockroaches
  4 hobgoblins
  4 jackals (D:3)
  5 kobolds
  6 frilled lizards
  4 rats
46 creatures vanquished.

Notes
Turn   | Place    | Note
-------+----------+-------------------------------------------
     0 | D:1      | inmateoo the Mummy Fighter began the quest for the Orb.
     0 | D:1      | Reached XP level 1. HP: 18/18 MP: 1/1
   183 | D:1      | Found a faded altar of an unknown god.
   682 | D:1      | Reached XP level 2. HP: 24/24 MP: 2/2
   888 | D:1      | Identified 2 scrolls of acquirement
   888 | D:1      | Acquired the +1 pair of gloves "Elafon" {+Blink rC+ rN+
                  | Str-2}
   901 | D:1      | Acquired a +0 vampiric broad axe
  1205 | D:2      | Reached skill level 1 in Axes
  1288 | D:2      | Reached XP level 3. HP: 29/29 MP: 3/3
  2081 | D:3      | Reached XP level 4. HP: 36/36 MP: 4/4
  2155 | D:3      | Noticed a phantom
  2176 | D:3      | Killed a phantom
  2177 | D:3      | Reached skill level 4 in Fighting
  2177 | D:3      | Reached XP level 5. HP: 4/42 MP: 5/5
  2179 | D:3      | HP: 1/42 [orc/+0 flail (5)]
  2181 | D:3      | Slain by an orc

Illustrated notes

Levels and vault maps discovered:
D:1:      minmay_arrival_three_doors, layout_basic,
          ebering_ecumenical_altar_mist
D:2:      layout_basic
D:3:      kennysheep_big_flooded_room, layout_loops_corners,
          makhleb_altar_promises_db, serial_shops,
          nicolae_shop_tiny_statue_garden

Skill      XL: |  1  2  3  4 |
---------------+-------------+-----
Axes           | 1 2 |  2.8
Fighting       | 4 |  4.0
Long Blades    | |  1.9
Armour         | |  2.5
Dodging        | |  0.2
Shields        | |  2.5

Action                     |  1- 3 |  4- 6 || total
---------------------------+-------+-------++-------
  Melee: Long sword        |    22 |       ||    22
         Broad axe         |   121 |    24 ||   145
    Use: Scroll            |     8 |       ||     8
 Armour: Scale mail        |    33 |       ||    33
         Plate armour      |   132 |    49 ||   181
  Dodge: Dodged            |    58 |     9 ||    67
  Block: Buckler           |    41 |     7 ||    48

Table legend: (Time is in decaauts)
 A = Elapsed time spent in this place.
 B = Non-inter-level travel time spent in this place.
 C = Inter-level travel time spent in this place.
 D = Time resting spent in this place.
 E = Time spent auto-exploring this place.
 F = Levels seen in this place.
 G = Mean time per level.
                   A        B        C        D        E       F      G
               +--------+--------+--------+--------+--------+-----+--------+
         Total |   2270 |   2220 |     50 |     11 |   1721 |   3 |  756.7 |
       Dungeon |   2270 |   2220 |     50 |     11 |   1721 |   3 |  756.7 |
               +--------+--------+--------+--------+--------+-----+--------+

Top non-repeatable levels by time:
     D:1: 949 daAuts
     D:2: 884 daAuts
     D:3: 436 daAuts
